 Dungeon Crawl Stone Soup version 0.32-a0-350-g4f4d228785 (webtiles) character file.

Game seed: 935613084539831940

76 Sabo the Ducker (level 4, 41/41 HPs)
             Began as a Gnoll Monk on Feb 18, 2024.
             Was a Believer of Lugonu.
             Got out of the dungeon alive.
             The game lasted 00:07:59 (1243 turns).

Sabo the Ducker (Gnoll Monk)                        Turns: 1243, Time: 00:08:00

Health: 41/41      AC:  6    Str: 12    XL:     4   Next: 32%
Magic:  5/5        EV: 11    Int:  9    God:    Lugonu [**....]
Gold:   106        SH:  0    Dex: 15    Spells: 5/5 levels left

rFire   . . .        a - +0 hand axe
rCold   . . .        d - orb {light}
rNeg    . . .        e - +0 scale mail
rPois   .            (no helmet)
rElec   .            (no cloak)
rCorr   .            (no gloves)
SInv    .            (no boots)
Will    .....        (no amulet) Stlth
                     (no ring)
HPRegen 0.26/turn    (no ring)
MPRegen 0.09/turn

%: no passive effects
@: glowing
A: fangs 1, strong nose, distributed training
a: Renounce Religion, Depart the Abyss, Banish


You escaped.
You worshipped Lugonu.
Lugonu was pleased with you.
You visited 1 branch of the dungeon, and saw 2 of its levels.

You collected 106 gold pieces.

Inventory:

Hand Weapons
 a - a +0 hand axe (weapon)
Armour
 d - an orb of light (worn)
 e - a +0 scale mail (worn)
Potions
 b - 2 potions of curing {unknown}
 c - a potion of ambrosia
 f - a potion of heal wounds {unknown}
 g - a potion of degeneration {unknown}


   Skills:
 + Level 6.6 Fighting
 + Level 1.1 Short Blades
 + Level 1.1 Long Blades
 + Level 6.6 Axes
 + Level 1.1 Maces & Flails
 + Level 1.1 Polearms
 + Level 1.1 Staves
 + Level 1.1 Ranged Weapons
 + Level 1.1 Throwing
 + Level 1.1 Armour
 + Level 6.6 Dodging
 + Level 1.1 Stealth
 + Level 1.1 Shields
 + Level 1.1 Unarmed Combat
 + Level 1.1 Spellcasting
 + Level 0.9 Conjurations
 + Level 0.9 Hexes
 + Level 0.9 Summonings
 + Level 0.9 Necromancy
 + Level 0.9 Translocations
 + Level 0.9 Fire Magic
 + Level 0.9 Ice Magic
 + Level 0.9 Air Magic
 + Level 0.9 Earth Magic
 + Level 0.9 Alchemy
 + Level 1.2 Invocations
 + Level 1.1 Evocations
 + Level 1.0 Shapeshifting


You had 5 spell levels left.
You didn't know any spells.
Your spell library contained the following spells:

 Spells                   Type           Power      Damage    Failure   Level
 Inner Flame              Hex/Fire       2%         N/A       99%         3
 Irradiate                Conj/Alch      1%         3d12      100%        5
 Ignition                 Fire           1%         3d3       100%        8


Dungeon Overview and Level Annotations

Branches:
Dungeon (2/15)

Altars:
Lugonu


Innate Abilities, Weirdness & Mutations

You have very sharp teeth.
Your uncanny sense of smell can sniff out nearby items.
Your experience applies equally to all skills.


Message History

You kill the kobold!
Lugonu accepts your kill.
Things that are here:
a +0 short sword; 3 stones The jackal bites you but does no damage.
You see here a jackal corpse.
You slash the jackal!
You kill the jackal!
Lugonu accepts your kill.
You barely miss the quokka. The quokka misses you.
You hit the quokka.
The quokka is severely wounded.
The quokka twitches its whiskers.
The quokka barely misses you.
You hit the quokka.
You kill the quokka!
Lugonu accepts your kill.
You see here a jackal corpse.
You see here a jackal corpse.
You pick up a book of Spontaneous Combustion and begin reading...
You add the spells Inner Flame, Irradiate and Ignition to your library.
Things that are here:
a +0 short sword; 3 stones You open the door.
Found a stone staircase leading up.
There is an open door here.
You see here 6 stones.
There is a stone staircase leading down here.
There is a stone staircase leading up here.
You can't go down here!
You climb upwards.
There is a stone staircase leading down here.
There is a stone staircase leading down here.
You see here a bat skeleton.
There is an open door here.
There is an open door here.
There is a stone staircase leading down here.
There is a staircase leading out of the dungeon here.
You can't go down here!
You have escaped!

.# ####...#.### #.# #.# .##
#........... #.# #.# ..#
###.######.### #.# #.#
#.###...# ### #.######.#
#....>### #........#
#......##################.#####
#......#.#..........#...#.#
#......#.#.########.#.#.#.#
#......#.#.#....@...#.#.#.#
#......#.#.#.########.#.#.#
#.....##...# ..#.#.#
#.###.##.##############.#.#
#.###....................^#
#.#.##########.#.#.########
#.#.#.# ...#.#.# #.#.#.##
###.#.#.# .......# #.#.#.#


There were no monsters in sight!

Vanquished Creatures
  An adder (D:2)
  3 ball pythons (D:1)
  6 endoplasms
  2 goblins (D:1)
  5 hobgoblins (D:1)
  3 jackals (D:2)
  5 kobolds
  2 quokkas (D:2)
  5 bats (D:1)
  2 frilled lizards (D:1)
  A rat (D:2)
35 creatures vanquished.

Notes
Turn   | Place    | Note
-------+----------+-------------------------------------------
     0 | D:1      | Sabo the Gnoll Monk began the quest for the Orb.
     0 | D:1      | Reached XP level 1. HP: 23/23 MP: 1/1
   122 | D:1      | Reached XP level 2. HP: 21/29 MP: 2/2
   327 | D:1      | Reached XP level 3. HP: 34/35 MP: 3/3
   523 | D:1      | Reached skill level 1 in Invocations
   746 | D:2      | Reached skill level 1 in Short Blades
   746 | D:2      | Reached skill level 1 in Long Blades
   746 | D:2      | Reached skill level 1 in Maces & Flails
   746 | D:2      | Reached skill level 1 in Polearms
   746 | D:2      | Reached skill level 1 in Staves
   746 | D:2      | Reached skill level 1 in Ranged Weapons
   746 | D:2      | Reached skill level 1 in Throwing
   746 | D:2      | Reached skill level 1 in Armour
   746 | D:2      | Reached skill level 1 in Stealth
   746 | D:2      | Reached skill level 1 in Shields
   746 | D:2      | Reached skill level 1 in Unarmed Combat
   746 | D:2      | Reached skill level 1 in Spellcasting
   746 | D:2      | Reached skill level 1 in Evocations
   852 | D:2      | Reached skill level 1 in Shapeshifting
   852 | D:2      | Reached XP level 4. HP: 32/41 MP: 5/5
   852 | D:2      | Found a faded altar of an unknown god.
   924 | D:2      | Prayed at the altar of an unknown god.
   924 | D:2      | Became a worshipper of Lugonu the Unformed
   924 | D:2      | Reached * piety under Lugonu
   924 | D:2      | Reached ** piety under Lugonu
  1243 | D:$      | Got out of the dungeon alive.

Illustrated notes

Levels and vault maps discovered:
D:1:      matt_arrival_spirals, layout_basic
D:2:      layout_basic, shapermc_ecumenical_altar_pompeii

Skill      XL: |  1  2  3 |
---------------+----------+-----
Invocations    | 1 |  1.2
Short Blades   | 1 |  1.1
Long Blades    | 1 |  1.1
Maces & Flails | 1 |  1.1
Polearms       | 1 |  1.1
Staves         | 1 |  1.1
Ranged Weapons | 1 |  1.1
Throwing       | 1 |  1.1
Armour         | 1 |  1.1
Stealth        | 1 |  1.1
Shields        | 1 |  1.1
Unarmed Combat | 1 |  1.1
Spellcasting   | 1 |  1.1
Evocations     | 1 |  1.1
Shapeshifting  | 1 |  1.0
Fighting       | |  6.6
Axes           | |  6.6
Dodging        | |  6.6
Conjurations   | |  0.9
Hexes          | |  0.9
Summonings     | |  0.9
Necromancy     | |  0.9
Translocations | |  0.9
Fire Magic     | |  0.9
Ice Magic      | |  0.9
Air Magic      | |  0.9
Earth Magic    | |  0.9
Alchemy        | |  0.9

Action                     |  1- 3 |  4- 6 || total
---------------------------+-------+-------++-------
  Melee: Hand axe          |    64 |    18 ||    82
         Bite              |     7 |     2 ||     9
 Armour: Robe              |     4 |       ||     4
         Skin              |     4 |       ||     4
         Scale mail        |    43 |    10 ||    53
  Dodge: Dodged            |    55 |    12 ||    67

Table legend: (Time is in decaauts)
 A = Elapsed time spent in this place.
 B = Non-inter-level travel time spent in this place.
 C = Inter-level travel time spent in this place.
 D = Time resting spent in this place.
 E = Time spent auto-exploring this place.
 F = Levels seen in this place.
 G = Mean time per level.
                   A        B        C        D        E       F      G
               +--------+--------+--------+--------+--------+-----+--------+
         Total |   1241 |   1241 |      0 |     59 |      0 |   2 |  620.5 |
       Dungeon |   1241 |   1241 |      0 |     59 |      0 |   2 |  620.5 |
               +--------+--------+--------+--------+--------+-----+--------+

Top non-repeatable levels by time:
     D:1: 854 daAuts
     D:2: 387 daAuts
